Map: 莱瑞拉克之冠

Players

TIME (Oliveira) - Winner!

  • Race: Terran Terran
  • League: Master

iGiA (iAsonu)

  • Race: Zerg Zerg
  • League: Master

Event: GPL 2015 - Grand Finals

VOD

Have the link to the VOD?

Description

Time

  • Played on: Jan. 25, 2016, 7:14 a.m.
  • Length: 10:25

All games in this series

Show
View Real Time Build Order
Export as new Build Order

TIME Terran - Winner!

Build Orders: Reaper Expand, Bio Tank 

Get SALT Encoding   

  12  0:00  SCV  
  13  0:13  SCV  
  14  0:17  Supply Depot  
  14  0:25  SCV  
  15  0:39  SCV  
  15  0:40  Barracks  
  16  0:45  Refinery  
  16  0:51  SCV  
  17  1:03  SCV  
  18  1:15  SCV  
  19  1:27  Reaper  
  19  1:28  Orbital Command  
  20  1:42  Command Center  
  20  1:53  Supply Depot  
  21  1:54  SCV  
  21  1:59  Marine  
  22  2:06  SCV  
  22  2:11  Factory  
  22  2:19  SCV  
  22  2:20  Refinery  
  23  2:22  Barracks Reactor  
  23  2:31  SCV  
  24  2:43  SCV  
  25  2:55  SCV  
  25  2:56  Orbital Command  
  26  2:59  Starport  
  26  3:00  Marine x2  
  28  3:07  SCV, Factory Tech Lab  
  28  3:10  Bunker  
  29  3:18  Marine x2  
  30  3:26  Siege Tank  
  33  3:29  SCV  
  34  3:36  Marine x2  
  34  3:39  Medivac  
  38  3:42  Supply Depot  
  37  3:53  Marine  
  37  3:54  Marine, Supply Depot  
  39  4:01  Orbital Command  
  39  4:04  Siege Tank  
  39  4:06  Supply Depot  
  39  4:07  SCV  
  43  4:11  Marine x2  
  45  4:19  SCV  
  45  4:20  Medivac  
  48  4:28  SCV  
  48  4:29  Marine  
  48  4:31  Marine, SCV  
  52  4:38  Barracks  
  52  4:39  Barracks  
  52  4:44  SCV, Siege Tank  
  57  4:47  Marine  
  57  4:49  Marine, SCV  
  57  4:51  Supply Depot  
  59  4:57  SCV  
  60  5:02  SCV  
  60  5:05  Marine  
  60  5:06  Marine  
  62  5:13  Medivac  
  63  5:14  SCV  
  63  5:15  Supply Depot  
  64  5:25  SCV  
  64  5:28  Marine x2, Command Center  
  65  5:33  Siege Tank  
  70  5:37  SCV  
  71  5:44  SCV  
  71  5:47  Marine x2, Supply Depot, Medivac  
  76  5:50  SCV  
  76  5:56  SCV  
  78  6:06  Marine x2  
  78  6:07  SCV, Barracks Tech Lab x2, Supply Depot  
  78  6:08  SCV  
  69  6:19  SCV  
  69  6:22  SCV  
  69  6:24  Marine  
  64  6:25  Marine  
  64  6:26  Siege Tank  
  64  6:27  Marine x2  
  70  6:37  Refinery  
  70  6:39  SCV, Stimpack, Refinery  
  71  6:40  Orbital Command  
  71  6:42  SCV, Marine  
  71  6:44  Starport Reactor  
  73  6:52  SCV  
  74  6:54  Marine x2  
  74  6:58  SCV  
  74  6:59  Barracks  
  77  7:01  Barracks  
  77  7:06  Marine, Siege Tank  
  81  7:11  Liberator  
  81  7:13  SCV x2  
  83  7:19  Orbital Command, Combat Shields  
  83  7:20  Marine x2  
  85  7:25  SCV  
  85  7:26  Marine, Supply Depot  
  85  7:27  Marine  
  85  7:29  SCV  
  87  7:37  SCV  
  87  7:38  Marine x2  
  87  7:41  SCV  
  91  7:45  SCV  
  91  7:48  Barracks Reactor  
  91  7:49  SCV, Barracks Reactor  
  93  7:52  Marine x2  
  93  7:53  Siege Tank  
  93  7:56  Marine, SCV  
  93  7:57  SCV  
  93  7:58  Marine, Refinery  
  97  8:03  Liberator  
  97  8:04  Engineering Bay  
  97  8:05  Engineering Bay  
  97  8:06  Liberator  
  97  8:10  Marine, Supply Depot  
  97  8:11  Supply Depot  
  97  8:12  Marine  
  98  8:19  Marine x2  
  107  8:27  SCV x3, Marine  
  107  8:31  Refinery  
  107  8:32  Marine x2  
  113  8:35  Siege Tank  
  113  8:39  SCV  
  117  8:42  Marine  
  117  8:43  Marine  
  117  8:48  Marine x2  
  121  8:54  Marine x3  
  124  8:56  Marine  
  124  9:01  Supply Depot  
  124  9:02  Marine x2  
  125  9:04  Factory, Supply Depot  
  125  9:05  Marine  
  128  9:10  Siege Tank, Medivac  
  128  9:11  Marine  
  128  9:12  Marine x2  
  128  9:16  Marine  
  137  9:18  Marine  
  137  9:22  Marine  
  137  9:23  Marine  
  139  9:30  Marine  
  137  9:33  Marine  
  137  9:34  Marine  
  137  9:37  Marine x3  
  142  9:39  SCV  
  142  9:42  Marine x2  
  142  9:43  Siege Tank  
  154  9:48  Marine  
  154  9:50  SCV  
  154  9:51  Marine  
  154  9:52  Marine  
  140  9:55  Marine x3  
  140  10:00  Marine x2  
  140  10:03  Factory Tech Lab  
  140  10:06  Marine  
Show
View Real Time Build Order
Export as new Build Order

iGiA Zerg 

Build Orders: Pool First 

Get SALT Encoding   

  12  0:01  Drone  
  13  0:12  Overlord  
  13  0:17  Drone  
  14  0:24  Extractor, Drone  
  14  0:40  Spawning Pool  
  13  0:43  Drone  
  13  0:48  Drone  
  15  0:52  Drone  
  16  1:02  Overlord  
  16  1:26  Queen  
  16  1:28  Zergling x2  
  16  1:30  Zergling x2  
  20  1:35  Drone  
  21  1:57  Hatchery  
  20  2:03  Drone  
  20  2:04  Roach Warren  
  20  2:11  Drone  
  20  2:13  Drone  
  21  2:23  Overlord  
  21  2:33  Overlord  
  23  2:44  Roach x2  
  23  2:48  Roach  
  23  2:50  Roach  
  29  2:56  Roach  
  31  3:07  Drone  
  31  3:10  Drone  
  33  3:14  Drone  
  33  3:15  Drone  
  33  3:16  Drone  
  36  3:23  Drone  
  36  3:24  Drone  
  38  3:30  Queen  
  38  3:34  Drone  
  41  3:37  Drone  
  41  3:41  Drone  
  43  3:49  Drone  
  43  3:51  Overlord  
  43  3:53  Queen  
  46  3:56  Drone  
  46  3:58  Drone  
  46  3:59  Drone  
  49  4:03  Drone  
  49  4:05  Drone  
  49  4:06  Metabolic Boost  
  51  4:15  Overlord  
  51  4:19  Drone  
  51  4:23  Drone  
  49  4:24  Queen  
  51  4:33  Queen  
  51  4:38  Hatchery  
  52  4:40  Hatchery  
  52  4:41  Drone  
  52  4:43  Drone  
  52  4:44  Drone  
  56  4:45  Drone  
  56  4:47  Drone  
  56  4:48  Drone  
  58  5:03  Overlord  
  58  5:06  Queen  
  54  5:11  Drone  
  54  5:13  Queen  
  57  5:15  Drone x3  
  58  5:23  Ravager x2  
  58  5:24  Drone  
  58  5:27  Drone  
  61  5:30  Drone  
  61  5:32  Evolution Chamber  
  61  5:33  Evolution Chamber, Drone  
  61  5:39  Roach x2  
  61  5:41  Queen  
  67  5:45  Overlord  
  67  5:54  Overlord  
  67  5:56  Zergling x12  
  65  5:59  Ravager x2  
  67  6:17  Queen  
  64  6:19  Drone  
  64  6:20  Drone  
  64  6:22  Overlord  
  64  6:25  Zergling x10  
  64  6:30  Zerg Melee Weapons Level 1  
  64  6:31  Drone  
  69  6:34  Queen  
  69  6:36  Drone  
  69  6:38  Drone  
  73  6:41  Drone x2  
  75  6:48  Drone x5  
  75  6:49  Drone  
  75  6:52  Extractor  
  75  6:53  Extractor, Drone x2  
  81  6:54  Drone x2  
  81  6:59  Drone  
  84  7:02  Drone  
  84  7:06  Drone  
  86  7:09  Zerg Ground Armor Level 1  
  86  7:11  Drone  
  86  7:15  Drone x2  
  89  7:17  Extractor  
  89  7:18  Extractor  
  89  7:21  Zergling x2  
  88  7:23  Drone  
  88  7:28  Zergling x2  
  88  7:29  Zergling x6, Hatchery  
  92  7:30  Lair  
  92  7:31  Overlord  
  90  7:38  Overlord  
  90  7:44  Overlord  
  90  7:49  Overlord  
  90  7:52  Zergling x14  
  90  7:55  Overlord  
  97  8:02  Spore Crawler, Zergling x6, Baneling Nest  
  98  8:07  Overlord  
  98  8:11  Drone x2  
  100  8:15  Zergling x6  
  100  8:18  Overlord  
  103  8:21  Extractor  
  103  8:23  Zergling x2  
  103  8:24  Zergling x2  
  104  8:27  Overlord  
  104  8:31  Spore Crawler  
  104  8:33  Drone  
  104  8:36  Drone  
  104  8:38  Overlord  
  104  8:39  Spore Crawler  
  104  8:42  Drone x7  
  111  8:49  Overlord  
  111  8:51  Zergling x2  
  111  8:52  Zergling x2  
  112  8:55  Baneling  
  112  8:56  Centrifical Hooks, Baneling x3  
  112  9:00  Infestation Pit, Zergling x6  
  114  9:03  Drone  
  115  9:11  Zergling x4  
  117  9:18  Baneling x11  
  116  9:28  Roach x5  
  126  9:35  Zergling x14  
  132  9:42  Overlord  
  132  9:44  Baneling  
  96  10:00  Ravager x4  
  96  10:01  Baneling x2  
  96  10:02  Zergling x2, Roach, Baneling x5  
  96  10:03  Zergling x22  
  96  10:06  Zergling x2  
Tags
 
Add a new tag
Caveats
  • Supply blocks, unpowered buildings, or Contaminate may cause inaccurate times.
  • Supply counts are checked every 10 seconds.